cohdb
Replays
Latest Replays
All Replays
Popular Replays
Top Player Replays
Match Explorer
How It Works
Community
CoH3 Stats
Reddit
Sign in to upload your games and track your stats! →
Sign in with Steam
Match 46022725
Unlisted
Match 46022725
Overview
Messages
Build Orders
End
Engineer Squad
Construct Barracks
1⁄4-ton 4x4 Truck
Riflemen Squad
Riflemen Squad
Infantry Support Center
M1 Mortar Team
Grenade Package
Construct Motor Pool
M1 Anti-tank Gun Team
M1 Anti-tank Gun Team
Advanced Logistics
Construct Weapon Support Center
Selects Heavy Weapons
Selects M2HB .50cal Heavy Machine Gun
Selects Assault Carriers
Selects Halftrack Strongpoints
M1918 Browning Automatic Rifles
M3 Assault Carrier
1⁄4-ton 4x4 Truck
Survival Training
Engineer Squad
Forward Retreat Point
Riflemen Squad
Captain Retinue
Selects M26 Pershing Heavy Tank
M26 Pershing Heavy Tank
Riflemen Squad
Engineer Squad
Demolitions Package
Construct Tank Depot
Selects Rapid Reposition
Selects Bolstered Team Weapons
M1919 Machine Gun Team
M18 Hellcat Tank Destroyer
Munitions Surplus
Elegant_Downfall
Brick_man
Idiotic Pig
lap
Dildo Inspector
$nackzor
$teenzor
Atrol
0
0
Comments
sign in to comment!
No comments posted yet!